[Event "Early-Titled-Tuesday-Blitz-November-28-2023"]
[Site "Chess.com"]
[Date "2023.11.28"]
[Round "1"]
[White "Aslanov_Umid"]
[Black "Jospem"]
[Result "0-1"]
[WhiteElo "2519"]
[BlackElo "3047"]
[TimeControl "180+1"]
[EndTime "8:08:14 PST"]
[Termination "Jospem won by resignation"]

1. e4 c5 2. Nf3 d6 3. d4 cxd4 4.
Nxd4 a6 5. Nc3 e6 6. Bc4 Nf6 7.
Bb3 b5 8. Bg5 Be7 9. Qf3 Qb6 10.
O-O-O Nbd7 11. Rhe1 Ne5 12. Qg3 O-O 13. f4 Nc4 14. f5 Kh8 15. Qh3 Qc5 16. Kb1 Rb8 17. Qg3 a5 18. Bxc4 bxc4 19. e5 dxe5 20. Qxe5 Qb4 21.
Ndb5 Ba6 22. a3 Rxb5 23. Nxb5 Qxb5 24. fxe6 Qxe5 25. Rxe5 Kg8 26. exf7+ Kxf7 27. Rd7 Nxd7 28. Rxe7+ Kg6 29. Bd2 Nf6 30. Bxa5 Rf7 31. Re6 Bb7 32. Bc3 Bxg2 33. a4 Kf5 34. Re5+ Kg4 35. a5 Kh3 36. a6 Kxh2 37. Rb5 h5 38. Be5+ Kh3 39. Bxf6 gxf6 40.
Rxh5+ Kg4 41. Rc5 f5 42. Rxc4+ Kg3 43. Rc8 f4 44. Rg8+ Kf2 45. b4 Bc6 46. c4 f3 47.
b5 Be4+ 48. Kc1 Ke3 49. Rg3 Rc7 50. b6 Rxc4+ 51. Kb2 Rb4+ 52. Kc3 Rxb6 53. a7 Ra6 54. Rg7 f2 55. Rf7 Rxa7 56. Rxa7 f1=Q 0-1

[Event "Early-Titled-Tuesday-Blitz-November-28-2023"]
[Site "Chess.com"]
[Date "2023.11.28"]
[Round "1"]
[White "vladgoncharov"]
[Black "GMthekingindian"]
[Result "1-0"]
[WhiteElo "2623"]
[BlackElo "2318"]
[TimeControl "180+1"]
[EndTime "8:08:16 PST"]
[Termination "vladgoncharov won by resignation"]

1. d4 d5 2. c4 e6 3. Nc3 Nf6 4. cxd5 exd5 5. Bg5 c6 6. e3 Bd6 7. Bd3 O-O 8. Nge2 Re8 9. Qc2 h6 10. Bh4 Nbd7 11. Bg3 Nf8 12. O-O Ne6 13. a3 Ng5 14. b4 a6 15. Na4 Nge4 16. Bxd6 Nxd6 17. Nc5 b6 18. Nb3 Bd7 19. Ng3 Nfe4 20. Bxe4 Nxe4 21.
Nxe4 Rxe4 22. Nd2 Re6 23. a4 Rg6 24. f4 Qe7 25. Qc3 Re8 26. Rf3 Bg4 27. Rg3 h5 28. h3 Bd7 29. Rxg6 fxg6 30. Nf1 g5 31. a5 b5 32. Ra2 g4 33. hxg4 hxg4 34. Qe1 Qf6 35.
Qg3 Kf7 36. Rc2 Rh8 37. Kf2 Qf5 38. Rc3 Re8 39. Nd2 g5 40. Kg1 Rh8 41. Kf2 Rg8 42.
Kg1 gxf4 43. Qxf4 Qxf4 44. exf4 Re8 45. Nf1 Kf6 46. Kf2 Bf5 47. Ne3 Be4 48. Rxc6+ Kf7 49. Nxg4 Rg8 50. Ne5+ Ke7 51. g4 Kd8 52. f5 Rh8 53. f6 Rf8 54. g5 Bf5 55. Kg3 Rh8 56.
Kf4 Bc8 57. g6 Rh1 58. f7 Rf1+ 59. Kg5 Bd7 60. Rd6 Ke7 61. Rxd7+ Kf8 62. Rd8+ Ke7 63. Re8+ Kd6 64. f8=Q+ 1-0

[Event "Early-Titled-Tuesday-Blitz-November-28-2023"]
[Site "Chess.com"]
[Date "2023.11.28"]
[Round "1"]
[White "millenium19"]
[Black "Zurability"]
[Result "1/2-1/2"]
[WhiteElo "2501"]
[BlackElo "2868"]
[TimeControl "180+1"]
[EndTime "8:08:17 PST"]
[Termination "Game drawn - insufficient material"]

1. e4 c5 2. Nf3 d6 3. Bb5+ Bd7 4. Bxd7+ Qxd7 5. c4 Nf6 6. Nc3 g6 7. O-O Bg7 8. d4 cxd4 9. Nxd4 O-O 10. f3 Rc8 11. b3 d5 12. exd5 Nxd5 13. Nxd5 e6 14. Bh6 exd5 15.
Bxg7 Kxg7 16. Nb5 dxc4 17. Nd6 Rd8 18. Nxc4 Qxd1 19. Raxd1 Nc6 20. Nd6 b6 21. Rd2 Kf8 22. Rfd1 Rd7 23. Nb5 Rxd2 24. Rxd2 Ke7 25. Kf2 a6 26.
Re2+ Kd7 27. Rd2+ Ke7 28. Re2+ Kf6 29. Nc7 Rb8 30. Nxa6 Rb7 31. b4 Ra7 32. b5 Nd4 33.
Rb2 Ke6 34. a4 Kd5 35. Rd2 Kc4 36. g4 Re7 37. Nb8 Re6 38. Nc6 Nxc6 39. Rc2+ Kb3 40. Rxc6 Kxa4 41. Rc7 Rf6 42. g5 Rf5 43. h4 Kxb5 44.
Ke3 Kb4 45. Ke4 b5 46. h5 Rxg5 47. hxg6 fxg6 48. Rxh7 Ka3 49. Ra7+ Kb3 50. f4 Rg1 51. Rg7 b4 52. Kd3 Kb2 53. f5 Rd1+ 54. Ke2 Rd5 55.
fxg6 b3 56. Rb7 Rg5 57. g7 Kc2 58. Kf3 b2 59. Rc7+ Kd2 60. Rb7 Kc1 61. Rc7+ Kd1 62.
Rd7+ Kc2 63. Rc7+ Kb3 64. Kf4 Rg1 65. Ke5 b1=Q 66. Rb7+ Ka2 67. Rxb1 Kxb1 68. Kf6 Rf1+ 69. Ke7 Rg1 70. Kf8 Rxg7 71. Kxg7 1/2-1/2

[Event "Early-Titled-Tuesday-Blitz-November-28-2023"]
[Site "Chess.com"]
[Date "2023.11.28"]
[Round "1"]
[White "Kostya0705"]
[Black "marvinguevara"]
[Result "1-0"]
[WhiteElo "2548"]
[BlackElo "2139"]
[TimeControl "180+1"]
[EndTime "8:08:18 PST"]
[Termination "Kostya0705 won by checkmate"]

1. e4 c5 2. Nf3 Nc6 3. Nc3 g6 4. d4 cxd4 5. Nxd4 Bg7 6. Be3 d6 7. Bc4 Nf6 8. f3 O-O 9. Qd2 Bd7 10.
h4 h5 11. O-O-O Rc8 12. Bb3 Ne5 13. Kb1 a6 14. g4 hxg4 15. h5 Nxh5 16. Rdg1 g3 17.
Rxh5 gxh5 18. Bh6 Ng6 19. Rxg3 e6 20. Bxg7 Kxg7 21. f4 Qh4 22. Rg1 e5 23. Nf5+ Bxf5 24. exf5 Qxf4 25. Qd3 Qf2 26. Rg5 Qe1+ 27. Nd1 Kf6 28. Rg2 Nf4 29. Qxd6+ Ne6 30. fxe6 Rfd8 31. Rf2+ Qxf2 32. Qxd8+ Rxd8 33. Nxf2 Rd2 34. Ne4+ Ke7 35. Nxd2 f5 36. Kc1 h4 37. Nf3 h3 38. Kd2 e4 39.
Nh2 f4 40. Bd5 e3+ 41. Kd3 Kd6 42. c4 b5 43. b4 bxc4+ 44. Bxc4 Ke7 45. Ke4 e2 46.
Bxe2 Kxe6 47. Kxf4 Kd5 48. Bxa6 Kd4 49. Be2 Kd5 50. b5 Kc5 51. a4 Kb6 52. Kg3 Ka5 53. Kxh3 Kb6 54. Kg4 Ka5 55. Kf4 Kb6 56. Ke4 Ka5 57.
Kd4 Kb6 58. Kc4 Ka5 59. Kc5 Kxa4 60. b6 Ka5 61. b7 Ka4 62. b8=Q Ka5 63. Qb7 Ka4 64.
Qb6 Ka3 65. Qb5 Ka2 66. Qb4 Ka1 67. Kc4 Ka2 68. Kc3 Ka1 69. Kc2 Ka2 70. Qa5# 1-0

[Event "Early-Titled-Tuesday-Blitz-November-28-2023"]
[Site "Chess.com"]
[Date "2023.11.28"]
[Round "1"]
[White "Journey_to_GrandMaster_YT"]
[Black "Ariadna_Atreides"]
[Result "1-0"]
[WhiteElo "2563"]
[BlackElo "2199"]
[TimeControl "180+1"]
[EndTime "8:08:21 PST"]
[Termination "Journey_to_GrandMaster_YT won on time"]

1. Nf3 Nf6 2. d4 e6 3. c4 Bb4+ 4. Nbd2 c5 5. a3 Bxd2+ 6. Qxd2 b6 7. b4 cxd4 8. Nxd4 Bb7 9. Bb2 O-O 10. e3 d5 11. c5 Ne4 12. Qc2 bxc5 13. Nb3 c4 14.
Na5 Qe7 15. Nxb7 Qxb7 16. Be2 c3 17. Bc1 Rc8 18. O-O Nd7 19. Rd1 Ne5 20. f3 Nf6 21. Kh1 Qc7 22. Rd4 Rab8 23. b5 h6 24. a4 Qa5 25.
Ba3 Nc4 26. Bxc4 Rxc4 27. Rxc4 dxc4 28. Bd6 Rc8 29. Be5 Nd5 30. e4 Ne3 31. Qc1 f6 32.
Bxc3 Qb6 33. Qd2 Rd8 34. Qf2 Nd5 35. Qxb6 Nxb6 36. Ba5 Rd3 37. Bxb6 axb6 38. Rc1 c3 39. h3 e5 40. Kg1 Rd4 41. Rxc3 Rxa4 42. Rc6 Ra1+ 43.
Kh2 Rb1 44. Rxb6 Kf7 45. h4 Kg6 46. g4 h5 47. Kg3 hxg4 48. fxg4 Rb3+ 49. Kg2 Kh6 50.
Rb8 Kg6 51. b6 Kh6 52. b7 Kh7 53. Kf2 Rb4 54. Ke3 Rb3+ 55. Kd2 Rb4 56. Kc3 Rb1 57. Kc2 Rb4 58. Kc3 Rb1 59. Kc4 Rb2 60. Kd5 g6 61. Ke6 Kg7 62. h5 gxh5 63. gxh5 Rb6+ 64. Kf5 Kh7 65. h6 1-0

[Event "Early-Titled-Tuesday-Blitz-November-28-2023"]
[Site "Chess.com"]
[Date "2023.11.28"]
[Round "1"]
[White "nochewycandy"]
[Black "Aisen1011"]
[Result "1-0"]
[WhiteElo "2772"]
[BlackElo "2425"]
[TimeControl "180+1"]
[EndTime "8:08:23 PST"]
[Termination "nochewycandy won by resignation"]

1. e4 e5 2. Nf3 Nc6 3. Bc4 Bc5 4. Qe2 Nf6 5. Ng5 d5 6. exd5 Nd4 7. Qxe5+ Qe7 8. Qxe7+ Kxe7 9. Bd3 h6 10. Ne4 Nxe4 11.
Bxe4 Bg4 12. O-O Kd6 13. c3 Ne2+ 14. Kh1 f5 15. Bc2 Nxc1 16. Rxc1 Bxf2 17. Rf1 Bb6 18. Na3 Rhf8 19. d4 Kxd5 20. h3 Bh5 21. Bxf5 c5 22. dxc5 Bxc5 23. Nc2 Be2 24. Rfe1 Rxf5 25. Rxe2 Raf8 26. Rd1+ Kc6 27. Nd4+ Bxd4 28. Rxd4 Rf1+ 29. Kh2 R1f2 30. Rdd2 Rxe2 31. Rxe2 Rf7 32. g4 Kc5 33. Kg3 Kc4 34. Rf2 Re7 35. h4 Kd3 36. g5 hxg5 37. hxg5 b5 38. Kg4 g6 39. Rf6 Re4+ 40. Kf3 Re5 41. Rxg6 Kc2 42. Kf4 Re1 43. Ra6 Kxb2 44. Rxa7 Kxc3 45. Rb7 Rf1+ 46. Ke5 Rg1 47. Kf6 Rf1+ 48.
Ke6 Re1+ 49. Kf6 Rf1+ 50. Kg7 Rf5 51. g6 Kb2 52. Ra7 b4 53. Kh6 Rf2 54. g7 Rh2+ 55.
Kg6 Rg2+ 56. Kf7 Rf2+ 57. Kg8 Ka1 58. Ra4 Rb2 59. Ra6 Rxa2 60. Rxa2+ Kxa2 61. Kf7 b3 62. g8=Q b2 63. Ke7+ Ka1 64. Qg7 Ka2 65. Qf7+ Ka1 66.
Qf6 Ka2 67. Qe6+ Ka1 68. Qe5 Ka2 69. Qd5+ Ka1 70. Qd4 Ka2 71. Qc4+ Ka1 72. Qc3 Ka2 73. Qa5+ Kb1 74. Ke6 Kc2 75. Qc5+ Kd2 76. Qb4+ Kc1 77. Qc3+ Kb1 78. Kd5 Ka2 79. Qa5+ Kb1 80. Kd4 Kc1 81.
Qc3+ Kb1 82. Kd3 Ka2 83. Qa5+ Kb1 84. Kc3 Kc1 85. Qa3 Kd1 86. Qxb2 1-0

[Event "Early-Titled-Tuesday-Blitz-November-28-2023"]
[Site "Chess.com"]
[Date "2023.11.28"]
[Round "1"]
[White "Sychev_on_YouTube"]
[Black "Barmen_EV"]
[Result "1-0"]
[WhiteElo "2919"]
[BlackElo "2499"]
[TimeControl "180+1"]
[EndTime "8:08:25 PST"]
[Termination "Sychev_on_YouTube won on time"]

1. e4 e5 2. Nf3 Nc6 3. Bb5 a6 4. Ba4 Nf6 5. Nc3 b5 6. Bb3 Bc5 7. Nd5 d6 8. c3 h6 9. d4 Ba7 10. O-O O-O 11. Nxf6+ Qxf6 12. Bd5 Bd7 13. a4 exd4 14. axb5 axb5 15. cxd4 Bb6 16. Rxa8 Rxa8 17. Be3 Re8 18. Qd2 Ne7 19. Bb3 Ng6 20. Bc2 Bc6 21. Qb4 Nf4 22. d5 Bd7 23. Bxb6 cxb6 24. Ne1 Qg5 25. Kh1 Qh5 26. Qxd6 Qe2 27. Kg1 Nh3+ 28.
gxh3 Bxh3 29. Bd3 Qd2 30. Qg3 Bxf1 31. Kxf1 Qxb2 32. d6 Qd4 33. Bxb5 Ra8 34. d7 Ra1 35. Qb8+ Kh7 36. d8=Q Qc3 37. Qd3 Qxe1+ 38. Kg2 Qh1+ 39.
Kh3 Rg1 40. e5+ g6 41. Qg3 Rxg3+ 42. Kxg3 Qc1 43. Be2 Qc3+ 44. Bf3 Qc5 45. Qe8 Kg7 46. Kg2 b5 47. e6 fxe6 48. Qxe6 b4 49. Qd7+ Kf6 50. Qd8+ Kg7 51. Bd5 Qa7 52. Qg8+ Kf6 53. Qe6+ Kg7 54. Qg8+ Kf6 55. Qf8+ Ke5 56. Bf3 b3 57.
Qb4 Kf5 58. Qxb3 Qd4 59. Qc2+ Kf6 60. Qc6+ Kg7 61. Qb7+ Kf6 62. Qe4 Qa1 63. Qc6+ 1-0

[Event "Early-Titled-Tuesday-Blitz-November-28-2023"]
[Site "Chess.com"]
[Date "2023.11.28"]
[Round "1"]
[White "KNVB"]
[Black "ChessWarrior3"]
[Result "1/2-1/2"]
[WhiteElo "2747"]
[BlackElo "2438"]
[TimeControl "180+1"]
[EndTime "8:08:27 PST"]
[Termination "Game drawn - insufficient material"]

1. e4 c5 2. c3 e6 3. d4 d5 4. exd5 Qxd5 5. Nf3 Nc6 6. Na3 cxd4 7. Nb5 Bd6 8. Nfxd4 Nxd4 9. Qxd4 Qxd4 10. Nxd4 Nf6 11. Bg5 Bd7 12. Bb5 Bxb5 13. Nxb5 Bb8 14. Bxf6 gxf6 15.
Ke2 Ke7 16. Rad1 a6 17. Nd4 Be5 18. Nf3 Rad8 19. h3 Bc7 20. Nd2 f5 21. Nc4 b5 22.
Ne3 f4 23. Nc2 e5 24. Rxd8 Rxd8 25. Rd1 Rxd1 26. Kxd1 a5 27. Ke2 Bd6 28. Kd3 Ke6 29.
f3 f5 30. b3 Kd5 31. c4+ bxc4+ 32. bxc4+ Kc6 33. Na1 a4 34. Nc2 Bc5 35. Kc3 Kb6 36.
Kd3 Kc6 37. Ne1 Bb4 38. Nc2 Ba5 39. Na3 Kc5 40. Nb5 e4+ 41. fxe4 fxe4+ 42. Kxe4 Kxc4 43. Nd6+ Kc3 44. h4 Bb4 45. Nf7 Kb2 46. Kd3 Kxa2 47. Kc2 Bf8 48. h5 Ka3 49. Ng5 Kb4 50. Nxh7 Bh6 51. Nf6 a3 52. Ng4 Bg7 53. h6 Bh8 54.
Nf2 a2 55. Nd3+ Ka3 56. Ne1 a1=Q 57. Kd2 Qb2+ 58. Kd1 Kb3 59. Nd3 Qxg2 60. Nc1+ Kc3 61. Ne2+ Kd3 62. Nxf4+ Ke4 63. Nxg2 Kf5 64. Nh4+ Kg5 65.
Nf5 Kxf5 66. h7 Kg6 67. Ke2 Kxh7 1/2-1/2

[Event "Early-Titled-Tuesday-Blitz-November-28-2023"]
[Site "Chess.com"]
[Date "2023.11.28"]
[Round "1"]
[White "pinguino120"]
[Black "KChor05"]
[Result "1-0"]
[WhiteElo "2289"]
[BlackElo "2589"]
[TimeControl "180+1"]
[EndTime "8:08:30 PST"]
[Termination "pinguino120 won by resignation"]

1. Nf3 Nf6 2. b3 g6 3. Bb2 Bg7 4.
e3 d6 5. Be2 O-O 6. O-O e5 7.
d4 e4 8. Nfd2 Nbd7 9. c4 Qe7 10.
Nc3 c6 11. Qc2 Re8 12. Rfe1 Nf8 13. f3 d5 14. cxd5 cxd5 15. fxe4 dxe4 16. Nb5 Bh6 17. Nf1 Nd5 18. Ba3 Qg5 19. Bc4 Be6 20. Qf2 a6 21.
Nd6 f5 22. Nxe8 Rxe8 23. Bd6 Bg7 24. Rac1 b5 25. Bxd5 Bxd5 26. Rc7 Ne6 27. Ra7 Qd8 28. Be5 Qb6 29. Rd7 Bc6 30. Rd6 Bf8 31. Rc1 Bxd6 32. Bxd6 f4 33. exf4 Bd5 34. Bc5 Nxc5 35. dxc5 Qe6 36. Ne3 Bc6 37. Qd2 Qe7 38. Qc3 Rd8 39.
Qa5 Rd3 40. Qb6 Qe6 41. Ng4 e3 42. Ne5 Rd2 43. Qxc6 Qxc6 44. Nxc6 e2 45. Re1 Rc2 46.
b4 Rxa2 47. Kf2 Rd2 48. Rxe2 Rd7 49. Re8+ Kf7 50. Ra8 Rd2+ 51. Kf3 Ra2 52. Ra7+ Ke6 53. Ne5 Kd5 54. Rd7+ Ke6 55. Rd6+ Ke7 56. Rd7+ Ke6 57. c6 Rc2 58. c7 a5 59. bxa5 b4 60. a6 b3 61. Rd3 b2 62. Rb3 Rxc7 63. Rxb2 Ra7 64. Rb6+ Kd5 65. Kg4 1-0

[Event "Early-Titled-Tuesday-Blitz-November-28-2023"]
[Site "Chess.com"]
[Date "2023.11.28"]
[Round "1"]
[White "rynos0411"]
[Black "stollenmonster"]
[Result "1/2-1/2"]
[WhiteElo "2506"]
[BlackElo "2890"]
[TimeControl "180+1"]
[EndTime "8:08:31 PST"]
[Termination "Game drawn by agreement"]

1. d4 Nf6 2. c4 e6 3. Nf3 d5 4.
g3 Be7 5. Bg2 O-O 6. O-O Ne4 7.
Qc2 f5 8. b3 c6 9. Bb2 Bd7 10.
Ne1 Be8 11. f3 Nf6 12. Nd3 Nbd7 13. Nd2 Rc8 14. e4 fxe4 15. fxe4 c5 16. exd5 exd5 17. Kh1 dxc4 18. Nxc4 Bf7 19. Bxb7 Rc7 20. Bg2 cxd4 21.
Bxd4 Nc5 22. Bxc5 Bxc5 23. Nde5 Be6 24. Rad1 Qc8 25. Nd3 Bd4 26. Rc1 Ng4 27. Qe2 Re8 28. Qf3 Bxc4 29. bxc4 Ne3 30. Rfe1 Rxc4 31. Rxc4 Qxc4 32. Nf4 Qxa2 33. Nd5 Qa5 34. Qe2 Qc5 35. Qa2 Kh8 36. h3 Rf8 37. Nxe3 Bxe3 38. Qe6 Bf2 39. Qe7 Qxe7 40. Rxe7 Bb6 41. Kh2 g6 42. g4 Rf2 43.
Kg3 g5 44. Be4 Re2 45. Rxh7+ Kg8 46. Re7 Re3+ 47. Kg2 Kf8 48. Re6 Bc7 49. Bf5 Bf4 50.
Rxe3 Bxe3 51. Bd3 Bd4 52. Kf3 Bf6 53. Ke4 Ke7 54. Kd5 Kd7 55. Kc5 Kc7 56. Kb5 Bd4 57. Be4 Bg1 58. Ka6 Kd6 59. Bg2 Ke5 60. Bf1 Kf4 61. Bc4 Kg3 62. Be6 Bb6 63. Bf5 Kg2 64.
Be6 Kxh3 65. Bf5 Kh2 1/2-1/2

[Event "Early-Titled-Tuesday-Blitz-November-28-2023"]
[Site "Chess.com"]
[Date "2023.11.28"]
[Round "1"]
[White "tetrix83"]
[Black "rasmussvane"]
[Result "0-1"]
[WhiteElo "2514"]
[BlackElo "2987"]
[TimeControl "180+1"]
[EndTime "8:08:32 PST"]
[Termination "rasmussvane won on time"]

1. e4 c6 2. d4 d5 3. exd5 cxd5 4. Bd3 Nc6 5. c3 Nf6 6. h3 g6 7. Nf3 Bf5 8. Be2 Bg7 9. O-O O-O 10. Bf4 a6 11.
Nbd2 b5 12. a3 Qb6 13. Re1 Rfe8 14. Bf1 h6 15. g4 Bd7 16. Nb3 Na5 17. Nc5 Nb7 18.
b4 Nd6 19. Ne5 Bc6 20. Bg2 Nfe4 21. Qc2 a5 22. Nxc6 Qxc6 23. Bxd6 Nxd6 24. Qb3 e6 25. Ra2 Ra7 26. Rae2 axb4 27. axb4 Nc4 28. h4 Qd6 29. h5 g5 30. Ra2 Rea8 31. Rea1 Qc7 32. Qc2 Bf6 33.
Rxa7 Rxa7 34. Rxa7 Qxa7 35. Bf1 Nd6 36. Bd3 Kg7 37. Kg2 Qa1 38. Nd7 Qa7 39. Nxf6 Kxf6 40. Qe2 Ke7 41. Qe5 f6 42. Qe3 Qc7 43. Bf5 Qc8 44. Bh7 Nc4 45. Qe2 Nd6 46. Bg6 Qxc3 47.
Bf5 Qc8 48. Bg6 Qc4 49. Qe3 Kd7 50. Bh7 Qc8 51. Qa3 Qc7 52. Qa8 Qc8 53. Qa7+ Qb7 54. Qc5 Qc7 55. Bd3 Qxc5 56. dxc5 Nc4 57. Kf3 Ne5+ 58.
Ke3 Nxg4+ 59. Kd2 Kc6 60. Bg6 Nxf2 61. Be8+ Kc7 62. Bxb5 g4 63. Bf1 Kc6 64. Ke3 g3 65. Kf3 Ne4 0-1

[Event "Early-Titled-Tuesday-Blitz-November-28-2023"]
[Site "Chess.com"]
[Date "2023.11.28"]
[Round "1"]
[White "MightyGMpretender"]
[Black "krucki03"]
[Result "1-0"]
[WhiteElo "2811"]
[BlackElo "2453"]
[TimeControl "180+1"]
[EndTime "8:08:33 PST"]
[Termination "MightyGMpretender won by resignation"]

1. Nf3 c5 2. g3 Nc6 3. Bg2 g6 4. O-O Bg7 5. e3 Nf6 6. d4 cxd4 7. exd4 d5 8. c3 O-O 9. Re1 Bg4 10. Na3 e6 11. Bf4 a6 12. Nc2 b5 13. a3 Na5 14. Ne3 Bxf3 15. Qxf3 Nc4 16. Re2 Nh5 17. Rae1 a5 18. h4 Nxf4 19. Qxf4 Qb8 20.
Qf3 Nxe3 21. fxe3 b4 22. axb4 axb4 23. c4 Qc7 24. c5 e5 25. Qxd5 Rad8 26. Qb7 Qxb7 27.
Bxb7 exd4 28. c6 Be5 29. exd4 Bxg3 30. Rd1 Rfe8 31. Rxe8+ Rxe8 32. d5 Bd6 33. Rc1 Re7 34. Ra1 Kf8 35. Kg2 Rc7 36. Kf3 f5 37. Ra8+ Ke7 38.
Bc8 Be5 39. Be6 Bxb2 40. Rb8 Bc3 41. Ke3 Kd6 42. Kd3 f4 43. Kc4 f3 44. Rf8 Be1 45. Rxf3 Bxh4 46. Kxb4 Be1+ 47. Kb5 h5 48. Rf6 g5 49. Rg6 Bd2 50. Bg8+ Ke5 51. d6 Rc8 52. c7 Kf5 53. Re6 Bf4 54. d7 Rxc7 55. d8=Q Rb7+ 56.
Kc6 Rc7+ 57. Qxc7 Bxc7 58. Kxc7 g4 59. Rh6 Kg5 60. Rh8 h4 61. Be6 g3 62. Kd6 Kf4 63.
Rf8+ Ke3 64. Bh3 Ke2 65. Kd5 Ke3 66. Ke5 1-0

[Event "Early-Titled-Tuesday-Blitz-November-28-2023"]
[Site "Chess.com"]
[Date "2023.11.28"]
[Round "1"]
[White "KejJaj"]
[Black "JuniorJumper"]
[Result "0-1"]
[WhiteElo "2149"]
[BlackElo "2549"]
[TimeControl "180+1"]
[EndTime "8:08:34 PST"]
[Termination "JuniorJumper won by resignation"]

1. d4 Nf6 2. Bf4 e6 3. e3 d5 4. Nf3 Bd6 5. Nbd2 O-O 6. Bg3 c5 7. c3 b6 8. Ne5 Bb7 9. Bd3 Nc6 10. Qf3 Qc7 11. Ng4 Nxg4 12. Qxg4 f5 13. Qf3 Rae8 14.
O-O f4 15. exf4 cxd4 16. Qh5 g6 17. Qh3 dxc3 18. bxc3 Bxf4 19. Bxf4 Qxf4 20. Nf3 e5 21. Bb5 a6 22. Ba4 b5 23. Bb3 Na5 24. Qd7 Qf7 25. Qg4 Nxb3 26. axb3 Bc8 27. Qh4 e4 28. Ng5 Qg7 29.
Rac1 h6 30. Nh3 g5 31. Qh5 Bf5 32. Kh1 Bg6 33. Qe2 Bf5 34. Ng1 g4 35. Qe3 h5 36.
Rfd1 Be6 37. Rf1 Kh8 38. Ne2 Rf3 39. gxf3 gxf3 40. Ng3 h4 41. Rg1 hxg3 42. Rxg3 Qf6 43. Rcg1 Re7 44. Qb6 Kh7 45. Qd8 Rf7 46. Qxf6 Rxf6 47.
Rg7+ Kh6 48. R7g3 Bf5 49. Rg8 Rg6 50. Rh8+ Kg7 51. Rc8 Rxg1+ 52. Kxg1 Bxc8 53. h4 Kf6 54. Kh2 Ke5 55. Kg3 Bf5 56. h5 d4 57. cxd4+ Kxd4 58. Kf4 Bh7 59. Kg5 e3 60. fxe3+ Kxe3 61. Kh6 Bd3 62. Kg7 f2 63. h6 f1=Q 64. h7 Bxh7 65. Kxh7 Qd3+ 0-1

[Event "Early-Titled-Tuesday-Blitz-November-28-2023"]
[Site "Chess.com"]
[Date "2023.11.28"]
[Round "1"]
[White "Burovic00"]
[Black "Witty_Alien"]
[Result "1/2-1/2"]
[WhiteElo "2562"]
[BlackElo "2253"]
[TimeControl "180+1"]
[EndTime "8:08:36 PST"]
[Termination "Game drawn by agreement"]

1. e4 c5 2. d3 d6 3. g3 h5 4.
h3 Nc6 5. Bg2 h4 6. g4 g6 7. f4 Bg7 8. Nf3 Nf6 9. c3 Nxg4 10.
hxg4 Bxg4 11. Bh3 Bxh3 12. Rxh3 Qd7 13. Rh1 O-O-O 14. Qe2 e6 15. Be3 d5 16. Bxc5 dxe4 17. dxe4 Rh5 18. Be3 Na5 19. Nbd2 Qa4 20. e5 h3 21. Nd4 a6 22. N4b3 Nxb3 23. Nxb3 Qe4 24. Rh2 Rh4 25. Nc5 Qc6 26. Rd1 Rxd1+ 27. Qxd1 g5 28. Qd6 gxf4 29. Qxc6+ bxc6 30. Bf2 Rh5 31. Nd3 Bxe5 32. Nxe5 Rxe5+ 33. Kd2 Rh5 34. Ke2 e5 35. Kf3 f5 36. Be1 Kd7 37. c4 c5 38. Bf2 Kc6 39. b3 Rh7 40. Be1 a5 41. Bc3 a4 42. Bxe5 axb3 43.
axb3 Rb7 44. Rb2 h2 45. Rxh2 Rxb3+ 46. Kxf4 Rb1 47. Kxf5 Rc1 48. Kg4 Rxc4+ 49. Kf5 Kb5 50. Rh6 Rc2 51. Rh8 Kc4 52. Ke6 Kd3 53. Rd8+ Ke4 54.
Rc8 c4 55. Rc5 Kd3 56. Kd5 Rc1 57. Bd6 c3 58. Be5 c2 59. Bf4 Rd1 60. Ke6 Ke4 61. Rxc2 Kxf4 62. Rc4+ Kf3 63. Ke5 Re1+ 64. Kf5 Re8 65. Rf4+ Kg3 66. Rb4 Rf8+ 67. Ke5 Re8+ 68. Kd5 Rd8+ 69. Kc5 Rc8+ 1/2-1/2

[Event "Early-Titled-Tuesday-Blitz-November-28-2023"]
[Site "Chess.com"]
[Date "2023.11.28"]
[Round "1"]
[White "adapodadei"]
[Black "VitaliyChayka"]
[Result "1-0"]
[WhiteElo "2726"]
[BlackElo "2417"]
[TimeControl "180+1"]
[EndTime "8:08:37 PST"]
[Termination "adapodadei won on time"]

1. Nf3 d5 2. c4 e6 3. g3 Nf6 4.
Bg2 c6 5. O-O Be7 6. b3 O-O 7.
Bb2 Nbd7 8. d4 a6 9. Nc3 b5 10.
Nd2 bxc4 11. bxc4 Rb8 12. Qc2 a5 13. e4 Ba6 14. Rfd1 Qc7 15. Rac1 Rfc8 16. e5 Ne8 17. c5 g6 18. Nb3 Ng7 19. Rb1 h6 20. Bc1 Kh7 21. Bd2 Nf5 22. Be1 Qd8 23. Na4 h5 24.
Bxa5 Qf8 25. Nb6 Rb7 26. Nxd7 Rxd7 27. Bc3 Ra7 28. Nd2 Rca8 29. a3 Bb5 30. Qc1 Rxa3 31. Nf3 R3a4 32. Qd2 Qh6 33. Qxh6+ Kxh6 34. Bf1 Bxf1 35.
Kxf1 Rc4 36. Rdc1 Bd8 37. Bd2+ Kg7 38. Rxc4 dxc4 39. Rc1 Ra4 40. h3 Ne7 41. Bg5 Kf8 42.
Nd2 c3 43. Nb3 Rb4 44. Rxc3 Ke8 45. Bxe7 Kxe7 46. Ke2 Kd7 47. Kd3 Ra4 48. Nd2 Ra2 49. Rc2 Ra3+ 50. Ke2 Ba5 51. Ne4 Ra4 52. Ke3 Ra3+ 53.
Kf4 Rd3 54. Rc4 Bc7 55. Ra4 Ke7 56. h4 Kd7 57. Nd6 Rd2 58. Ke3 Rd1 59. Nxf7 Rc1 60.
Nd6 Rd1 61. Ra8 1-0

[Event "Early-Titled-Tuesday-Blitz-November-28-2023"]
[Site "Chess.com"]
[Date "2023.11.28"]
[Round "1"]
[White "LeoWin2012"]
[Black "dmosesov"]
[Result "0-1"]
[WhiteElo "2267"]
[BlackElo "2606"]
[TimeControl "180+1"]
[EndTime "8:08:42 PST"]
[Termination "dmosesov won by checkmate"]

1. b3 g6 2. Bb2 Nf6 3. Nf3 Bg7 4. d3 O-O 5. Nbd2 d6 6. e4 c5 7. Be2 Nc6 8. O-O a6 9. Nc4 Rb8 10. Ne3 b5 11. h3 Bb7 12. a4 e5 13. axb5 axb5 14.
Ra2 Nd7 15. Qa1 f5 16. exf5 gxf5 17. c4 bxc4 18. bxc4 Nd4 19. Nxd4 cxd4 20. Nd5 Nc5 21.
Ra7 Kh8 22. Ba3 Qg5 23. Qc1 Qg6 24. Qd2 e4 25. Bxc5 dxc5 26. Rb1 e3 27. Nf4 exd2 28. Nxg6+ hxg6 29. Raxb7 Rxb7 30. Rxb7 Ra8 31. Rb1 Bh6 32. Bf3 Ra3 33. Be2 Rc3 34. Rd1 Rc1 35. Kf1 Kg7 36.
g3 Kf6 37. f4 g5 38. fxg5+ Bxg5 39. Kf2 Be3+ 40. Kf3 Ke5 41. g4 fxg4+ 42. hxg4 Kf6 43. Ke4 Kg5 44. Kd5 Kf4 45. Kxc5 Kg3 46. g5 Kf2 47. Bh5 Bxg5 48. Kxd4 Be3+ 49. Ke4 Bh6 50. d4 Rxc4 51.
Kd3 Rc1 52. Rxd2+ Bxd2 53. Kxd2 Rc7 54. d5 Kg3 55. Bg6 Kf4 56. Kd3 Ke5 57. Be4 Ra7 58. Bf3 Kf4 59. Ke2 Ra2+ 60. Kd3 Kxf3 61. d6 Ra6 62. Kc4 Rxd6 63. Kc5 Rd1 64. Kc4 Ke4 65. Kc3 Rd3+ 66. Kc2 Kd4 67. Kb2 Rc3 68. Kb1 Kc4 69. Kb2 Kb4 70. Kb1 Kb3 71. Ka1 Rc1# 0-1

[Event "Early-Titled-Tuesday-Blitz-November-28-2023"]
[Site "Chess.com"]
[Date "2023.11.28"]
[Round "1"]
[White "deribas12345"]
[Black "IsaqueGoncalvesSanto"]
[Result "1-0"]
[WhiteElo "2530"]
[BlackElo "1897"]
[TimeControl "180+1"]
[EndTime "8:08:42 PST"]
[Termination "deribas12345 won on time"]

1. d4 e6 2. c4 d5 3. Nc3 c6 4.
Nf3 dxc4 5. a4 Bb4 6. e3 b5 7. Be2 Nf6 8. O-O O-O 9. axb5 Bxc3 10. bxc3 cxb5 11. Ba3 Re8 12. Ne5 Bb7 13. Rb1 Qa5 14.
Bb4 Qc7 15. Bf3 Bxf3 16. Qxf3 Nbd7 17. Nxd7 Qxd7 18. e4 a5 19. Bc5 Reb8 20. Rfe1 Qc6 21. Be7 Nd7 22. d5 exd5 23. exd5 Qg6 24. d6 b4 25. cxb4 axb4 26. Rxb4 Rxb4 27. Qxa8+ Rb8 28. Qa7 Qb1 29. Qe3 Qb3 30. Rc1 Qxe3 31. fxe3 Rc8 32. Kf2 f6 33. Ke2 Kf7 34. Ra1 Ke6 35. Kd2 Ne5 36. Kc3 Nc6 37. Ra4 Nxe7 38. dxe7 Kxe7 39. Ra7+ Kf8 40. h4 h6 41. h5 Rc5 42. Ra4 Rxh5 43. Rxc4 Rg5 44. g4 Kf7 45. Kd3 Kg6 46. Ke2 Re5 47.
Kf3 Kg5 48. Rc7 g6 49. Rc4 h5 50. gxh5 Kxh5 51. Rc1 Kg5 52. Rg1+ Kf5 53. e4+ Rxe4 54.
Rxg6 Rf4+ 55. Ke3 Rf1 56. Rg2 Ke5 57. Ra2 f5 58. Ra5+ Kf6 59. Ra8 Kg5 60. Ke2 Rf4 61.
Rg8+ Kh4 62. Rg7 Rg4 63. Ra7 f4 64. Kf3 Rg3+ 65. Kxf4 Rg4+ 66. Kf5 1-0

[Event "Early-Titled-Tuesday-Blitz-November-28-2023"]
[Site "Chess.com"]
[Date "2023.11.28"]
[Round "1"]
[White "Valy02chess"]
[Black "Lady_Nika"]
[Result "1-0"]
[WhiteElo "2263"]
[BlackElo "2577"]
[TimeControl "180+1"]
[EndTime "8:08:45 PST"]
[Termination "Valy02chess won by resignation"]

1. e4 c5 2. Nf3 Nc6 3. c3 e6 4. d4 cxd4 5. cxd4 d5 6. e5 Qb6 7. Nc3 Nge7 8. Bd3 Bd7 9. Bc2 a6 10. O-O Ng6 11. a3 Be7 12. Be3 Qa7 13. g3 b5 14. h4 O-O-O 15. Bd3 Kb8 16. Qe2 Na5 17. a4 b4 18. Na2 Bc8 19. Rac1 Bb7 20. Nd2 Rhe8 21.
Qd1 Rc8 22. Nb3 Nxb3 23. Qxb3 Qb6 24. h5 Nf8 25. Rxc8+ Rxc8 26. Rc1 Rxc1+ 27. Nxc1 a5 28. Ne2 Ba6 29. Bxa6 Qxa6 30. Nc1 Nd7 31. Qd3 Qc6 32. Qxh7 Bf8 33. Qg8 Kc7 34. Qxf7 Qxa4 35. Qxe6 Qd1+ 36. Kg2 Qxh5 37. Qxd5 Qf5 38. Qxa5+ Nb6 39. Qa7+ Kc6 40. Ne2 Qe4+ 41. Kf1 Qh1+ 42. Ng1 Qd5 43. Qb8 Be7 44. Qe8+ Qd7 45. Qxd7+ Nxd7 46. Ke2 Nb6 47. Kd3 Na4 48. Kc2 Kd5 49. Ne2 Nb6 50. Nf4+ Ke4 51. Ng6 Bd8 52. Bd2 Nd5 53. Nf4 Nxf4 54. gxf4 Be7 55. Kb3 Kxd4 56. Bxb4 Bh4 57. Bc3+ Ke4 58. Bd2 Bxf2 59.
Kc4 g6 60. b4 Kf5 61. Kd5 Ba7 62. b5 Bb8 63. Be3 Bc7 64. b6 Bb8 65. b7 g5 66.
fxg5 Bxe5 67. g6 Kf6 68. g7 Bb8 69. g8=Q 1-0